 Dungeon Crawl Stone Soup version 0.19.0-19-g8c6edcc (webtiles) character file.

26 Chiseanne the Chucker (level 2, 0/24 HPs)
             Began as a Demonspawn Hunter on Nov 12, 2016.
             Slain by Sigmund
             ... wielding a +0 scythe
              (10 damage)
             ... on level 2 of the Dungeon.
             The game lasted 00:01:37 (1700 turns).

Chiseanne the Chucker (Demonspawn Hunter)           Turns: 1700, Time: 00:01:38

Health: 0/24       AC:  7    Str: 12    XL:     2   Next: 89%
Magic:  2/2        EV:  9    Int: 12    God:
Gold:   84         SH:  0    Dex: 13    Spells: 0 memorised, 1 level left

rFire  . . .     SeeInvis .     r - +0 mace
rCold  . . .     Gourm    .     w - +0 scale mail
rNeg   . . .     Faith    .     (no shield)
rPois  .         Spirit   .     n - +0 helmet
rElec  .         Reflect  .     (no cloak)
rCorr  .         Harm     .     (no gloves)
MR     .....                    (no boots)
Stlth  ..........               (no amulet)
                                (no ring)
                                (no ring)

@: no status effects
A: powered by pain 1
a: no special abilities


You were on level 2 of the Dungeon.
You were hungry.

You visited 1 branch of the dungeon, and saw 2 of its levels.

You collected 84 gold pieces.

Inventory:

Hand Weapons
 a - a +0 short sword
 r - a +0 mace (weapon)
Missiles
 h - 31 stones (quivered)
 s - 22 bolts
 v - 22 arrows
Armour
 n - a +0 helmet (worn)
 w - a +0 scale mail (worn)
Scrolls
 e - a scroll of remove curse {unknown}
 j - 2 scrolls of identify {unknown}
 l - a scroll of amnesia {unknown}
 m - a scroll of enchant armour {unknown}
 o - a scroll of immolation {unknown}
 t - a scroll of enchant weapon {unknown}
 u - 2 scrolls of fear {unknown}
Potions
 g - 2 potions of curing {unknown}
 i - a potion of cancellation {unknown}
 p - a potion of magic {unknown}
 q - a potion of resistance {unknown}
Comestibles
 f - a bread ration
 k - 2 meat rations


   Skills:
 + Level 3.4 Fighting
 - Level 3.6 Throwing
 * Level 0.0 Armour
 - Level 1.7 Dodging
 - Level 0.8 Stealth


You had one spell level left.
You didn't know any spells.

Dungeon Overview and Level Annotations

Branches:
Dungeon (2/15)

Altars:

Annotations:
D:2 Sigmund


Innate Abilities, Weirdness & Mutations

You sometimes gain a little power by taking damage.


Message History

You throw a throwing net. Something hits you but does no damage.
Throwing (i - inventory. (,) - cycle):
d - a throwing net (quivered)
Press: ? - help, Shift-Dir - straight line You throw a throwing net.
Something gets caught in the net!
Something wriggles in the net.
Your scale mail prevents you from hitting something.
Something wriggles in the net. x2
You hit something.
Something wriggles in the net.
Your scale mail prevents you from hitting something.
You hear some strange, mumbled words.
A magic dart appears from out of thin air!
The magic dart hits you!
Something wriggles in the net.
You hit something.
Something wriggles in the net.
All of a sudden the net rips apart!
You sock something!
You hear some strange, mumbled words.
A magic dart appears from out of thin air!
The magic dart hits you!
You miss something. Something hits you!
You die...

#.....[.........#
#...............# .
##.............##
...#.......#.....##
.........#########
....#..## ....##.#
....##.######.(#
.........@{...(#
.................
..............###
............#....
........>...# ...
............. ..
.............# .
.........!...


There were no monsters in sight!

Vanquished Creatures
  3 leopard geckos (D:1)
  4 bats (D:1)
  6 goblins (D:1)
  2 hobgoblins (D:1)
  4 kobolds (D:1)
  A ball python (D:1)
  2 rats (D:1)
22 creatures vanquished.

Notes
Turn   | Place    | Note
-------+----------+-------------------------------------------
     0 | D:1      | Chiseanne the Demonspawn Hunter began the quest for the Orb.
     0 | D:1      | Reached XP level 1. HP: 16/16 MP: 1/1
   606 | D:1      | Gained mutation: You sometimes gain a little power by taking damage. [demonic ancestry]
   606 | D:1      | Reached XP level 2. HP: 22/23 MP: 2/2
  1684 | D:2      | Noticed Sigmund
  1700 | D:2      | Slain by Sigmund

Skill      XL: |  1  2 |
---------------+-------+-----
Fighting       | 3 |  3.4
Throwing       | |  3.6
Dodging        | |  1.7
Stealth        | |  0.8

Action                   || total
-------------------------++-------
Melee: Short sword       ||    29
       Mace              ||    59
Throw: Javelin           ||     6
       Throwing net      ||     3
 Stab: Sleeping          ||     1
  Eat: Chunk             ||     2
Armor: Leather armour    ||    25
Dodge: Dodged            ||    58
